[Event "Titled Tuesday Blitz July 11 Late 2023"]
[White "Zavgorodniy, Sergiy"]
[Black "OllieAr"]
[WhiteFideId "14110148"]
[WhiteElo "2591"]
[BlackElo "2304"]
[Result "1-0"]
[Round "1"]
[TimeControl "180+2"]
[Date "2023.07.11"]
[WhiteClock "0:02:06"]
[BlackClock "0:00:29"]
[Board "138"]

1. d4 d5 2. c4 e6 3. Nf3 Nf6 4. e3 Be7 5. Nbd2 O-O 6. Bd3 b6 7. O-O Bb7 8. Qe2 Nbd7 9. e4 dxe4 10. Nxe4 Nxe4 11. Bxe4 Bxe4 12. Qxe4 Nf6 13. Qe2 c5 14. Rd1 cxd4 15. Nxd4 Qc7 16. b3 Rad8 17. Bb2 Rfe8 18. Nf3 Rxd1+ 19. Rxd1 Rd8 20. Ne5 Rxd1+ 21. Qxd1 Qd6 22. Qxd6 Bxd6 23. Kf1 Bxe5 24. Bxe5 Nd7 25. Bd6 f6 26. Ke2 Kf7 27. f4 g6 28. Kd3 e5 29. fxe5 fxe5 30. b4 Ke6 31. Bc7 Nf6 32. a4 Nd7 33. a5 bxa5 34. Bxa5 Kd6 35. Bd8 Nf8 36. Bg5 Ne6 37. Be3 a6 38. Ke4 Nf8 39. Bc5+ 1-0


[Site "https://www.chess.com"]

[Event "Titled Tuesday Blitz July 11 Late 2023"]
[White "Al Mukhaini, Shima"]
[Black "NLLO777"]
[WhiteFideId "22005854"]
[WhiteElo "2302"]
[BlackElo "2585"]
[Result "0-1"]
[Round "1"]
[TimeControl "180+2"]
[Date "2023.07.11"]
[WhiteClock "0:00:07"]
[BlackClock "0:00:14"]
[Board "139"]

1. b3 Nf6 2. Bb2 e6 3. e3 Be7 4. f4 O-O 5. g4 d5 6. Bd3 Ne4 7. g5 Nd7 8. h4 c5 9. Nc3 Nd6 10. Nf3 c4 11. Bf1 b5 12. Qe2 b4 13. Nd1 a5 14. a4 Ba6 15. d3 Nc5 16. Ne5 cxd3 17. Nxd3 Nde4 18. Qf3 Nxd3+ 19. cxd3 Nc5 20. h5 Nxd3+ 21. Bxd3 Bxd3 22. Nf2 Bf5 23. O-O Rc8 24. Rac1 Qb6 25. h6 g6 26. Bd4 Bc5 27. Rxc5 Rxc5 28. Ng4 Bxg4 29. Qxg4 Qc6 30. f5 exf5 31. Qf4 Re8 32. Kg2 Rc2+ 33. Kh3 Qc7 34. Rd1 Qxf4 35. exf4 f6 36. gxf6 Kf7 37. Be5 Ke6 38. Re1 Kd7 39. Rd1 Ke6 40. Re1 Kf7 41. Rd1 Rd8 42. Rd4 Rc3+ 43. Kh4 Rxb3 44. Rd2 Re3 45. Rc2 Rd7 46. Rc8 b3 47. Rh8 Rxe5 48. fxe5 b2 49. Rb8 Ke6 50. Rxb2 Kxe5 51. Rb5 Kxf6 52. Rxa5 d4 53. Ra6+ Kf7 54. Kg5 d3 55. Rf6+ Ke7 56. Rxg6 hxg6 57. h7 Rd8 58. Kxg6 d2 59. Kg7 d1=Q 60. h8=Q Qg4+ 61. Kh7 Rxh8+ 62. Kxh8 f4 63. a5 Kf7 64. a6 Qg7# 0-1


[Site "https://www.chess.com"]

[Event "Titled Tuesday Blitz July 11 Late 2023"]
[White "Grinev, Valeriy"]
[Black "Fominykh, Maria"]
[WhiteFideId "14117517"]
[BlackFideId "4142411"]
[WhiteElo "2583"]
[BlackElo "2302"]
[Result "1-0"]
[Round "1"]
[TimeControl "180+2"]
[Date "2023.07.11"]
[WhiteClock "0:02:25"]
[BlackClock "0:00:00"]
[Board "140"]

1. d4 Nf6 2. c4 g6 3. Nc3 Bg7 4. e4 d6 5. Nge2 O-O 6. Ng3 e5 7. d5 a5 8. h4 h5 9. Bg5 Qe8 10. Be2 Na6 11. Qd2 Kh7 12. f3 Nc5 13. Nf1 Ng8 14. O-O-O f6 15. Be3 Bh6 16. g4 Bd7 17. Ng3 c6 18. gxh5 gxh5 19. Kb1 cxd5 20. Nxd5 Be6 21. Bf1 Bxe3 22. Qxe3 Bxd5 23. cxd5 b5 24. Nf5 b4 25. Rg1 Rf7 26. Nxd6 Qf8 27. Nxf7 Qxf7 28. Qxc5 Ne7 29. Bh3 1-0


[Site "https://www.chess.com"]

[Event "Titled Tuesday Blitz July 11 Late 2023"]
[White "Hoffmann, Asa"]
[Black "Janturin, Artur"]
[WhiteFideId "2001470"]
[BlackFideId "4130022"]
[WhiteElo "2301"]
[BlackElo "2579"]
[Result "0-1"]
[Round "1"]
[TimeControl "180+2"]
[Date "2023.07.11"]
[WhiteClock "0:00:59"]
[BlackClock "0:00:10"]
[Board "141"]

1. d4 e6 2. e4 d5 3. e5 c5 4. Nf3 cxd4 5. Qxd4 Nc6 6. Qf4 Nge7 7. Bd3 Qc7 8. O-O Ng6 9. Qg3 Ncxe5 10. Nxe5 Qxe5 11. Bxg6 Qxg3 12. Bxf7+ Kxf7 13. fxg3+ Ke8 14. Be3 Bd6 15. Nd2 Rf8 16. c4 Bd7 17. cxd5 exd5 18. Nb3 Bb5 19. Rfe1 Kd7 20. Rad1 Bc6 21. Bc5 Rae8 22. Bxd6 Kxd6 23. Nd4 Rxe1+ 24. Rxe1 Rf7 25. g4 g6 26. h3 Re7 27. Rxe7 Kxe7 28. Kf2 Kd6 29. Ke3 Ke5 30. Nf3+ Kf6 31. Kd4 h6 32. h4 g5 33. hxg5+ hxg5 34. Ne1 Bd7 35. Kxd5 Bxg4 36. Nd3 Be6+ 37. Kd4 Bxa2 38. g3 b6 39. Nb4 Be6 40. Nc6 a5 41. Ne5 Kf5 42. Nf3 Kg4 43. Ke3 b5 44. Ke4 Bb3 45. Ke3 b4 46. Nd4 Bd5 47. Ne2 a4 48. Kd4 a3 49. bxa3 bxa3 50. Nc3 Bf7 51. Ke5 a2 52. Nxa2 Bxa2 53. Kf6 Bb1 54. Ke5 Bd3 55. Kd4 Be2 56. Ke3 Bf3 57. Kf2 Be4 58. Kg1 Ba8 59. Kh2 Bb7 60. Kg1 Kxg3 61. Kf1 g4 0-1


[Site "https://www.chess.com"]

[Event "Titled Tuesday Blitz July 11 Late 2023"]
[White "Leon Oquendo, Jorge"]
[Black "Freile Martin, Javier"]
[WhiteFideId "3514803"]
[BlackFideId "3600165"]
[WhiteElo "2577"]
[BlackElo "2291"]
[Result "1-0"]
[Round "1"]
[TimeControl "180+2"]
[Date "2023.07.11"]
[WhiteClock "0:00:17"]
[BlackClock "0:00:05"]
[Board "142"]

1. d4 Nf6 2. c4 g6 3. Nc3 Bg7 4. e4 d6 5. Be2 O-O 6. Be3 Na6 7. h4 e5 8. d5 Nc5 9. Qc2 h5 10. O-O-O a5 11. f3 Bd7 12. Nh3 c6 13. dxc6 bxc6 14. Rxd6 Ne6 15. Rhd1 Qc7 16. R6d2 Rfb8 17. Ng5 Nd4 18. Bxd4 exd4 19. Rxd4 Be8 20. Qd2 a4 21. f4 a3 22. b3 Qa5 23. e5 Nh7 24. Nxh7 Kxh7 25. Ne4 Qc7 26. c5 Kh8 27. Bc4 Qe7 28. g3 Ra7 29. Nd6 Qf8 30. Kc2 Re7 31. Ne4 f6 32. exf6 Bxf6 33. Nxf6 Qxf6 34. Qc3 Kh7 35. Rd6 Qf5+ 36. Bd3 Qg4 37. Rd2 Qxg3 38. f5 Kh6 39. fxg6 Rg7 40. Qd4 Bxg6 41. Bxg6 Rxg6 42. Re2 Rg8 43. Qd2+ Kh7 44. Re7+ R8g7 45. Rxg7+ Rxg7 46. Rh6+ Kg8 47. Qd8+ Kf7 48. Rf6# 1-0


[Site "https://www.chess.com"]

[Event "Titled Tuesday Blitz July 11 Late 2023"]
[White "Antonio, Jorge Carlos"]
[Black "Kirillov, Dmitry"]
[WhiteFideId "113190"]
[BlackFideId "34180572"]
[WhiteElo "2285"]
[BlackElo "2575"]
[Result "1-0"]
[Round "1"]
[TimeControl "180+2"]
[Date "2023.07.11"]
[WhiteClock "0:01:50"]
[BlackClock "0:00:03"]
[Board "143"]

1. d4 Nf6 2. Nf3 e6 3. Bf4 d5 4. e3 Bd6 5. Ne5 O-O 6. Bd3 c5 7. c3 Nc6 8. Nd2 Qc7 9. Ndf3 b6 10. O-O Bb7 11. Rc1 Rad8 12. Bg3 h6 13. Nxc6 Bxc6 14. Bxd6 Qxd6 15. Ne5 Bb7 16. f4 Ne4 17. Rf3 f6 18. Ng6 Rf7 19. g3 Kh7 20. Nh4 f5 21. Rf1 Rg8 22. Nf3 g5 23. Bxe4 dxe4 24. Ne5 Rf6 25. Kf2 Ba6 26. Rg1 g4 27. Rh1 h5 28. h3 Rh6 29. hxg4 hxg4 30. Rxh6+ Kxh6 31. Qh1+ Kg7 32. Qh5 Qe7 33. Qg6+ Kf8 34. Qh6+ Ke8 35. Qh5+ Kd8 36. Nc6+ 1-0


[Site "https://www.chess.com"]

[Event "Titled Tuesday Blitz July 11 Late 2023"]
[White "Boldoo, Erdenepurev"]
[Black "Coelho, Ramyres Santana"]
[WhiteFideId "4901037"]
[BlackFideId "2120690"]
[WhiteElo "2575"]
[BlackElo "2281"]
[Result "0-1"]
[Round "1"]
[TimeControl "180+2"]
[Date "2023.07.11"]
[WhiteClock "0:00:00"]
[BlackClock "0:00:14"]
[Board "144"]

1. d4 Nf6 2. Nf3 g6 3. Bf4 Bg7 4. Nc3 Nh5 5. Be5 Nf6 6. e4 d6 7. Bg3 Nh5 8. Bc4 Nxg3 9. hxg3 O-O 10. O-O Nc6 11. d5 Ne5 12. Be2 f5 13. Nd4 fxe4 14. Nxe4 Bd7 15. Ng5 Rf6 16. f4 Nf7 17. Ne4 Qf8 18. c3 Re8 19. Bg4 Bxg4 20. Qxg4 Nh6 21. Nxf6+ Bxf6 22. Qe6+ Qf7 23. Qxf7+ Kxf7 24. Ne2 Nf5 25. Rf3 e6 26. g4 Nh4 27. Rh3 g5 28. Rf1 Kg6 29. fxg5 Bxg5 30. Nf4+ Bxf4 31. Rxf4 Kg5 32. Re4 e5 33. g3 Ng6 34. Rxh7 Kf6 35. Rh5 Rg8 36. c4 Kg7 37. Kg2 Ne7 38. Rg5+ Ng6 39. Re2 Kh6 40. Rh5+ Kg7 41. Rf2 e4 42. Re2 Re8 43. Rg5 Kf6 44. Rf5+ Kg7 45. Rf4 Nxf4+ 46. gxf4 Kf6 47. Kf2 Rg8 48. Kg3 Re8 49. Rh2 e3 50. Kf3 c6 51. Rh6+ Kg7 52. Re6 Rh8 53. Rxe3 cxd5 54. cxd5 Rh2 55. Re2 Rh3+ 56. Kg2 Rd3 57. Re7+ Kf6 58. Rxb7 Rxd5 59. Kf3 Ra5 60. a3 d5 61. Ke3 Ra4 62. Rb4 Ra5 63. Kd4 Kg6 64. Ke5 a6 65. Rb6+ Kg7 66. g5 Kf7 67. f5 d4+ 68. Kf4 Rd5 69. Rb7+ Kf8 70. g6 d3 71. f6 Rd4+ 72. Ke5 Rd8 0-1


[Site "https://www.chess.com"]

[Event "Titled Tuesday Blitz July 11 Late 2023"]
[White "Ward, Ieuan C"]
[Black "ArtemDyachuk"]
[WhiteFideId "406627"]
[WhiteElo "2279"]
[BlackElo "2573"]
[Result "1-0"]
[Round "1"]
[TimeControl "180+2"]
[Date "2023.07.11"]
[WhiteClock "0:00:05"]
[BlackClock "0:00:00"]
[Board "145"]

1. d4 Nf6 2. c4 e6 3. Nf3 c5 4. d5 d6 5. Nc3 exd5 6. cxd5 g6 7. e4 Bg7 8. Bd3 O-O 9. h3 b5 10. Bxb5 Nxe4 11. Nxe4 Qa5+ 12. Nc3 Bxc3+ 13. bxc3 Qxb5 14. Qe2 Qa4 15. O-O Ba6 16. Qd1 Qxd1 17. Rxd1 Be2 18. Re1 Bc4 19. Bf4 Rd8 20. Bg5 Rc8 21. Bf4 Bxd5 22. Bxd6 Nd7 23. Ne5 Nb6 24. a4 Be6 25. a5 Nd5 26. Rac1 Nf4 27. Rcd1 Nh5 28. Nd3 c4 29. Nf4 Ng7 30. Be5 Bf5 31. g4 Bc2 32. Rd2 Bb3 33. Rd7 Re8 34. Kf1 Rad8 35. Rxd8 Rxd8 36. Bd4 g5 37. Nh5 Ne6 38. Bxa7 Rd3 39. Re3 Rd1+ 40. Kg2 Ba4 41. Nf6+ Kg7 42. Nh5+ Kg6 43. Kh2 Bc6 44. f3 Rd3 45. Rxd3 cxd3 46. Be3 Bxf3 47. Kg3 Ba8 48. a6 f5 49. Kf2 f4 50. Bd4 Bg2 51. a7 Ba8 52. Ke1 f3 53. Kd2 1-0


[Site "https://www.chess.com"]

[Event "Titled Tuesday Blitz July 11 Late 2023"]
[White "Pinheiro, Iung Alicio de O."]
[Black "Harish, Neeraj"]
[WhiteFideId "2104350"]
[BlackFideId "30958130"]
[WhiteElo "2572"]
[BlackElo "2275"]
[Result "0-1"]
[Round "1"]
[TimeControl "180+2"]
[Date "2023.07.11"]
[WhiteClock "0:00:00"]
[BlackClock "0:00:02"]
[Board "146"]

1. e4 c5 2. Nc3 Nc6 3. Bb5 Nd4 4. Nf3 a6 5. Bd3 e6 6. O-O Nf6 7. e5 Nd5 8. Nxd5 exd5 9. Nxd4 cxd4 10. Qg4 Qb6 11. Re1 g6 12. c3 dxc3 13. dxc3 Bg7 14. Be3 Qc6 15. Qb4 a5 16. Qd6 Qxd6 17. exd6 O-O 18. Bg5 f6 19. Be3 b6 20. Bxb6 Rb8 21. Bxa5 Rxb2 22. Re7 f5 23. c4 Bf6 24. Ree1 Bd4 25. Rf1 Ba6 26. Rad1 dxc4 27. Bb1 Bf6 28. Rfe1 c3 29. Rc1 Rc8 30. Bc7 Bc4 31. Re3 Bxa2 32. Bxa2+ Rxa2 33. g3 Ra6 34. Rd3 Rc6 35. Rc2 Ra8 36. Kf1 Ra7 37. Ke2 Rb7 38. Re3 Rb2 39. Kd3 Rxc2 40. Kxc2 Kf7 41. Re1 Bg7 42. h4 Bf6 43. f3 Rc5 44. f4 Rc6 45. Rb1 h5 46. Re1 Kf8 47. Rb1 Kf7 48. Rb8 Bg7 49. Rd8 Ke6 50. Re8+ Kd5 51. Re7 Bf6 52. Rxd7 Bd4 53. Rf7 Ra6 54. d7 Ra2+ 55. Kb3 Rb2+ 56. Ka3 Bc5+ 57. Ka4 Kc4 0-1


[Site "https://www.chess.com"]

[Event "Titled Tuesday Blitz July 11 Late 2023"]
[White "StarkyNZ"]
[Black "ATM622"]
[WhiteElo "2270"]
[BlackElo "2570"]
[Result "1-0"]
[Round "1"]
[TimeControl "180+2"]
[Date "2023.07.11"]
[WhiteClock "0:00:25"]
[BlackClock "0:00:04"]
[Board "147"]

1. c4 e5 2. Nc3 f5 3. g3 Nf6 4. Bg2 g6 5. e3 Bg7 6. Nge2 O-O 7. d4 e4 8. h4 c6 9. Rb1 d5 10. cxd5 cxd5 11. b4 Nc6 12. Nf4 a5 13. a3 axb4 14. axb4 Qd6 15. Qb3 Ne7 16. O-O Bd7 17. Bd2 h6 18. Nh3 Ng4 19. Ra1 Bf6 20. Nf4 Bg7 21. Ncxd5 Nxd5 22. Qxd5+ Qxd5 23. Nxd5 Bb5 24. Rfc1 Be2 25. Nc7 Rxa1 26. Rxa1 Rc8 27. Ra8 Rxa8 28. Nxa8 Bf8 29. Bf1 Bxf1 30. Kxf1 Nh2+ 31. Ke2 Nf3 32. b5 g5 33. hxg5 hxg5 34. Nc7 Kf7 35. Nd5 Ke6 36. Nc3 Bd6 37. g4 Ng1+ 38. Kf1 Nf3 39. Ke2 Bb4 40. gxf5+ Kxf5 41. Nxe4 Kxe4 42. Bxb4 Ng1+ 43. Kf1 Nf3 44. Bd6 Kd3 45. b6 Nd2+ 46. Kg2 Nc4 47. Bc7 Ke4 48. Kg3 Kf5 49. d5 Ke4 50. d6 Ne5 51. f4 gxf4+ 52. exf4 Nd7 53. Kg4 Nf6+ 54. Kg5 Nd7 55. f5 Ke5 56. Kg6 Kd5 57. f6 Ke6 58. f7 Nf8+ 59. Kg7 Nd7 60. f8=Q Nxf8 61. Kxf8 Kd7 62. Kf7 Kc8 63. Bb8 Kd7 64. Kf8 Kc8 65. Ke8 Kxb8 66. d7 Ka8 67. d8=Q# 1-0


[Site "https://www.chess.com"]

[Event "Titled Tuesday Blitz July 11 Late 2023"]
[White "Bobkov, Vadim"]
[Black "Ardila, Oscar Humberto"]
[WhiteFideId "34110876"]
[BlackFideId "4404742"]
[WhiteElo "2567"]
[BlackElo "2267"]
[Result "0-1"]
[Round "1"]
[TimeControl "180+2"]
[Date "2023.07.11"]
[WhiteClock "0:00:00"]
[BlackClock "0:00:11"]
[Board "148"]

1. d4 Nf6 2. c4 e6 3. Nf3 Bb4+ 4. Nbd2 O-O 5. a3 Bxd2+ 6. Qxd2 d5 7. e3 Ne4 8. Qc2 Nd7 9. Be2 Ndf6 10. O-O c6 11. b4 dxc4 12. Bxc4 a6 13. Bd3 Nd6 14. Bb2 h6 15. Rfc1 Nb5 16. a4 Nc7 17. Ne5 Nfd5 18. Qb3 f6 19. Nc4 Bd7 20. e4 Nf4 21. Bf1 Be8 22. g3 Ng6 23. Bh3 Bf7 24. Rd1 Qe7 25. Qc3 Rfd8 26. Nb6 Rab8 27. Qc5 Qxc5 28. dxc5 e5 29. Nd7 Ra8 30. Rd6 Nf8 31. Rad1 Nxd7 32. Rxd7 Rxd7 33. Rxd7 Ne6 34. Rxb7 Nd4 35. Rb6 Rd8 36. Rxa6 Nc2 37. Rxc6 Rd1+ 38. Kg2 Ne1+ 39. Kf1 Nd3+ 40. Ke2 Nxb2 41. Rc8+ Kh7 42. b5 Bc4+ 43. Ke3 Re1+ 44. Kf3 Be2+ 0-1


[Site "https://www.chess.com"]

[Event "Titled Tuesday Blitz July 11 Late 2023"]
[White "Marchesich, Giovanni"]
[Black "Kochiev, Ivan"]
[WhiteFideId "2824790"]
[BlackFideId "2917890"]
[WhiteElo "2260"]
[BlackElo "2566"]
[Result "1-0"]
[Round "1"]
[TimeControl "180+2"]
[Date "2023.07.11"]
[WhiteClock "0:02:11"]
[BlackClock "0:01:26"]
[Board "149"]

1. d4 Nf6 2. Nc3 d5 3. Bf4 a6 4. e3 Bf5 5. Bd3 Bxd3 6. Qxd3 e6 7. Nf3 c5 8. O-O Nc6 9. Ne5 Bd6 10. Bg3 Bxe5 11. dxe5 Nd7 12. f4 O-O 13. Rad1 f6 14. Nxd5 exd5 15. Qxd5+ Kh8 16. Qxd7 Qb6 17. e6 Qxb2 18. f5 Qxc2 19. Qxb7 Ne5 20. e7 Rfe8 21. Qxa8 1-0


[Site "https://www.chess.com"]

[Event "Titled Tuesday Blitz July 11 Late 2023"]
[White "Shohat, Yotam"]
[Black "Abdi, Farzad"]
[WhiteFideId "2813955"]
[BlackFideId "2076829"]
[WhiteElo "2565"]
[BlackElo "2255"]
[Result "1-0"]
[Round "1"]
[TimeControl "180+2"]
[Date "2023.07.11"]
[WhiteClock "0:00:06"]
[BlackClock "0:00:12"]
[Board "150"]

1. e4 e6 2. d4 d5 3. Nc3 dxe4 4. Nxe4 Nd7 5. Nf3 Ngf6 6. Nxf6+ Nxf6 7. Bg5 Be7 8. Bd3 h6 9. Bh4 O-O 10. Qe2 c5 11. dxc5 Qa5+ 12. c3 Qxc5 13. O-O Rd8 14. Rad1 Bd7 15. Ne5 Ba4 16. b3 Bc6 17. c4 Rd4 18. Nxc6 bxc6 19. Bg3 Rad8 20. Bc2 a5 21. h3 a4 22. Rxd4 Rxd4 23. Be5 Rd7 24. Rd1 Rxd1+ 25. Bxd1 a3 26. Bc3 Qf5 27. Bc2 Qf4 28. Qd2 Qh4 29. Qe3 c5 30. Qg3 Qxg3 31. fxg3 Bd6 32. Kf2 Nh5 33. g4 Nf4 34. Bd2 Kf8 35. Kf3 g5 36. Bc1 Ke7 37. g3 Ng6 38. Bxg6 fxg6 39. Bxa3 Kf6 40. Bb2+ e5 41. Ke4 Ke6 42. a4 Bc7 43. Bc3 Bb6 44. Bxe5 Ba5 45. Bg7 Bb4 46. Bxh6 Bc3 47. Bxg5 Bb4 48. Be3 1-0


[Site "https://www.chess.com"]

[Event "Titled Tuesday Blitz July 11 Late 2023"]
[White "Quirke, Jeffrey"]
[Black "Karttunen, Mika"]
[WhiteFideId "2013029"]
[BlackFideId "502081"]
[WhiteElo "2253"]
[BlackElo "2564"]
[Result "0-1"]
[Round "1"]
[TimeControl "180+2"]
[Date "2023.07.11"]
[WhiteClock "0:00:06"]
[BlackClock "0:00:38"]
[Board "151"]

1. e4 e5 2. Nf3 Nf6 3. Nxe5 d6 4. Nf3 Nxe4 5. Nc3 Nf6 6. d4 Be7 7. Bd3 O-O 8. O-O Bg4 9. h3 Bh5 10. Ne4 Nxe4 11. Bxe4 d5 12. Bd3 Nd7 13. Bf4 Re8 14. Re1 Nf8 15. g4 Bg6 16. c3 Bxd3 17. Qxd3 Ne6 18. Bg3 Bd6 19. Bxd6 Qxd6 20. Ne5 f6 21. Nf3 Nf4 22. Qf1 Qb6 23. b3 Qa5 24. Rxe8+ Rxe8 25. Re1 Rf8 26. Re7 Qxc3 27. Re3 Qa5 28. a4 c6 29. Nh4 Qb4 30. Nf5 g6 31. Nh6+ Kg7 32. g5 fxg5 33. Ng4 h5 34. Ne5 Qxd4 35. Nd7 Rf7 36. Ne5 Rf5 37. Nf3 Qf6 38. Qc1 Nxh3+ 39. Kh2 g4 40. Qc5 Rxf3 41. Re7+ Kh6 0-1


[Site "https://www.chess.com"]

[Event "Titled Tuesday Blitz July 11 Late 2023"]
[White "Siniauski, Artsiom"]
[Black "Alexikov, Alexander"]
[WhiteFideId "13512269"]
[BlackFideId "14103958"]
[WhiteElo "2564"]
[BlackElo "2251"]
[Result "1-0"]
[Round "1"]
[TimeControl "180+2"]
[Date "2023.07.11"]
[WhiteClock "0:00:24"]
[BlackClock "0:00:00"]
[Board "152"]

1. e4 c5 2. Nf3 d6 3. c3 Nf6 4. Be2 Nc6 5. d4 cxd4 6. cxd4 e6 7. Nc3 Be7 8. O-O O-O 9. Bf4 d5 10. e5 Ne4 11. Rc1 Nxc3 12. Rxc3 Bd7 13. h3 Rc8 14. a3 Na5 15. Qc1 Rxc3 16. Qxc3 Qb6 17. b4 Nc4 18. Bg5 Bxg5 19. Nxg5 h6 20. Nf3 Rc8 21. Rc1 a5 22. Bd3 axb4 23. Qxb4 Qxb4 24. axb4 Ra8 25. Bxc4 Rc8 26. Nd2 b5 27. Nb3 bxc4 28. Nc5 Be8 29. Kf1 Ra8 30. Rc2 Bb5 31. Ke2 Ra3 32. Kd2 g5 33. Kc1 c3 34. Kb1 Bc4 35. g3 h5 36. g4 Kg7 37. f3 Kg6 38. Rg2 h4 39. Rf2 f6 40. exf6 Kxf6 41. Nd7+ Ke7 42. Ne5 Bb3 43. Rf1 Ra4 44. Rc1 c2+ 45. Kb2 Bc4 46. Rxc2 Rxb4+ 47. Kc1 Rb3 48. Kd2 1-0


[Site "https://www.chess.com"]

[Event "Titled Tuesday Blitz July 11 Late 2023"]
[White "Sarkar, Justin"]
[Black "Manukyan, Artyom"]
[WhiteFideId "2010011"]
[BlackFideId "13305786"]
[WhiteElo "2247"]
[BlackElo "2561"]
[Result "0-1"]
[Round "1"]
[TimeControl "180+2"]
[Date "2023.07.11"]
[WhiteClock "0:00:00"]
[BlackClock "0:02:23"]
[Board "153"]

1. d4 d5 2. c4 e6 3. Nc3 Nf6 4. Bg5 c5 5. cxd5 cxd4 6. Qa4+ Qd7 7. Qxd4 Nc6 8. Qd2 Nxd5 9. Nxd5 exd5 10. a3 Bc5 11. Nf3 O-O 12. e3 h6 13. Bf4 d4 14. e4 Re8 15. Bd3 f5 16. e5 g5 17. Bxg5 hxg5 18. Qxg5+ Qg7 19. Bc4+ Be6 20. Bxe6+ Rxe6 21. Qxf5 Rae8 22. O-O Nxe5 23. Nxe5 Rxe5 0-1


[Site "https://www.chess.com"]

[Event "Titled Tuesday Blitz July 11 Late 2023"]
[White "Janaszak, Dawid"]
[Black "rionelG"]
[WhiteFideId "1119206"]
[WhiteElo "2559"]
[BlackElo "2244"]
[Result "0-1"]
[Round "1"]
[TimeControl "180+2"]
[Date "2023.07.11"]
[WhiteClock "0:00:35"]
[BlackClock "0:00:15"]
[Board "154"]

1. e4 c5 2. Nc3 d6 3. f4 a6 4. Nf3 Nf6 5. a4 Nc6 6. Bc4 e6 7. O-O Be7 8. Kh1 O-O 9. e5 dxe5 10. fxe5 Nd7 11. Qe2 Qc7 12. Re1 Nd4 13. Qe4 Nxf3 14. gxf3 Nb6 15. Bd3 g6 16. a5 Nd5 17. Qg4 Nb4 18. Be4 Bd7 19. Nd1 Qxe5 20. d4 cxd4 21. Bf4 Qc5 22. c3 dxc3 23. bxc3 Nd5 24. Bh6 f5 25. Qg3 fxe4 26. Bxf8 Rxf8 27. fxe4 Bd6 28. Qg1 Bc6 29. Qd4 Nxc3 30. Qxc5 Bxc5 31. Nxc3 Bd4 32. Rac1 Rf3 33. Kg2 Rxc3 34. Rxc3 Bxc3 35. Re3 Bxa5 36. Kf3 Bb6 37. Rb3 Bc5 38. Rc3 Bb4 39. Rb3 a5 40. Ke3 Bc5+ 41. Kd3 a4 42. Rc3 Bb4 43. Rc1 a3 44. Kc4 Bd6 45. Kb3 Bxh2 46. Kxa3 Bd6+ 47. Kb3 Bxe4 48. Rc8+ Kg7 49. Rd8 Bd5+ 50. Kc3 Be7 51. Rd7 Kf6 52. Kd3 h5 53. Ke3 h4 54. Kf4 h3 55. Rxb7 Bxb7 56. Kg3 Bd6+ 57. Kxh3 Kf5 58. Kh4 Kf4 0-1


[Site "https://www.chess.com"]

[Event "Titled Tuesday Blitz July 11 Late 2023"]
[White "SicilianPanzer"]
[Black "Dobrikov, Marco"]
[BlackFideId "12950378"]
[WhiteElo "2243"]
[BlackElo "2559"]
[Result "1-0"]
[Round "1"]
[TimeControl "180+2"]
[Date "2023.07.11"]
[WhiteClock "0:01:31"]
[BlackClock "0:02:26"]
[Board "155"]

1. e4 e6 2. d4 d5 3. Nc3 Nf6 4. e5 Nfd7 5. f4 c5 6. Nf3 Nc6 7. Be3 b6 8. Qd2 a5 9. Bb5 Qc7 10. O-O Ba6 11. a4 Bxb5 12. Nxb5 Qb7 13. c4 dxc4 14. d5 Nb4 15. dxe6 fxe6 16. Ng5 O-O-O 17. Nxe6 Re8 18. Nxf8 Rhxf8 19. Nd6+ Kb8 20. Nxb7 1-0


[Site "https://www.chess.com"]

[Event "Titled Tuesday Blitz July 11 Late 2023"]
[White "Ballester Llagaria, Luis Eduardo"]
[Black "Chemin, Justo Reinaldo"]
[WhiteFideId "2297620"]
[BlackFideId "2101580"]
[WhiteElo "2557"]
[BlackElo "2238"]
[Result "1-0"]
[Round "1"]
[TimeControl "180+2"]
[Date "2023.07.11"]
[WhiteClock "0:00:08"]
[BlackClock "0:00:00"]
[Board "156"]

1. e4 e6 2. d4 d5 3. Nd2 Nf6 4. e5 Nfd7 5. Ngf3 c5 6. c3 Nc6 7. Bd3 cxd4 8. cxd4 f6 9. exf6 Nxf6 10. O-O Bd6 11. Re1 O-O 12. Nf1 Qc7 13. Ng3 Bf4 14. Bxf4 Qxf4 15. Rc1 Bd7 16. Bb1 Rac8 17. a3 Rce8 18. b4 a6 19. Rc3 g6 20. Rce3 Ng4 21. R3e2 Qh6 22. h3 Rxf3 23. gxf3 Nf6 24. Kg2 Qh4 25. Qd3 Nxd4 26. Re5 Nc6 27. R5e2 e5 28. Rh1 e4 29. fxe4 dxe4 30. Ba2+ Kg7 31. Qd6 Bc8 32. Re3 Qg5 33. h4 Qe5 34. Qxe5 Rxe5 35. h5 gxh5 36. Bb1 Bg4 37. Nxe4 Nxe4 38. Rxe4 Rg5 39. Kh2 Bf3 40. Rd1 Rg2+ 41. Kh3 Bxe4 42. Bxe4 Rxf2 43. Rd7+ Kf6 44. Rxb7 Ra2 45. Bxc6 Rxa3+ 46. Kg2 h6 47. Bf3 h4 48. Rb6+ Kg5 49. Rc6 Rb3 50. Rc5+ Kf4 51. Rc4+ Ke5 52. Rxh4 Kf5 53. Kg3 Kg5 54. Rg4+ Kf5 55. Rc4 h5 56. Rc5+ Kf6 57. Rc4 h4+ 58. Rxh4 Kg5 59. Rf4 Rb2 60. Rg4+ Kf6 61. Rf4+ Ke5 62. Rc4 Kd6 63. Kf4 Rb3 64. Re4 Rb2 65. Rd4+ Kc7 66. Re4 Kb6 67. Ke3 Kb5 68. Be2+ Ka4 69. b5+ 1-0


[Site "https://www.chess.com"]

[Event "Titled Tuesday Blitz July 11 Late 2023"]
[White "Kohler, Aran"]
[Black "Swayams, Mishra"]
[WhiteFideId "1002856"]
[BlackFideId "5028183"]
[WhiteElo "2238"]
[BlackElo "2556"]
[Result "0-1"]
[Round "1"]
[TimeControl "180+2"]
[Date "2023.07.11"]
[WhiteClock "0:00:17"]
[BlackClock "0:00:13"]
[Board "157"]

1. d4 Nf6 2. Nf3 b6 3. Bg5 Bb7 4. Nbd2 d6 5. e3 Nbd7 6. c3 g6 7. Bd3 Bg7 8. h4 h6 9. Bxf6 Nxf6 10. Qb3 O-O 11. O-O-O a5 12. Qc2 a4 13. Ne4 a3 14. b3 Bxe4 15. Bxe4 Nxe4 16. Qxe4 c5 17. h5 g5 18. g4 Rc8 19. Kb1 cxd4 20. cxd4 b5 21. Rc1 Qa5 22. Qf5 Rc3 23. Rxc3 Qxc3 24. Qc2 Qa5 25. Rc1 e5 26. dxe5 dxe5 27. Nd2 e4 28. Nxe4 b4 29. Qc5 Qa8 30. Qf5 Qd8 31. Nc5 Qd2 32. Qc2 Qd6 33. Qf5 Rd8 34. f4 Qd2 35. Qc2 Qd6 36. fxg5 Qe5 0-1


[Site "https://www.chess.com"]

[Event "Titled Tuesday Blitz July 11 Late 2023"]
[White "Fiorito, Francisco"]
[Black "rikchessmx"]
[WhiteFideId "180165"]
[WhiteElo "2554"]
[BlackElo "2233"]
[Result "1-0"]
[Round "1"]
[TimeControl "180+2"]
[Date "2023.07.11"]
[WhiteClock "0:00:19"]
[BlackClock "0:00:00"]
[Board "158"]

1. d4 Nf6 2. Nc3 e6 3. Bf4 d6 4. Nf3 Nh5 5. Bg5 Be7 6. Bxe7 Qxe7 7. e3 f5 8. Bd3 Nf6 9. Qe2 d5 10. Ne5 Qb4 11. O-O-O c5 12. dxc5 Qxc5 13. g4 Nc6 14. Bb5 a6 15. Bxc6+ bxc6 16. gxf5 exf5 17. f4 Rb8 18. Rd4 O-O 19. Rg1 Be6 20. Qxa6 Rxb2 21. Qxc6 Qxc6 22. Nxc6 Rb6 23. Ne7+ Kf7 24. Nexd5 Nxd5 25. Nxd5 Ra6 26. Nb4 Ra4 27. Kb2 Rfa8 28. c3 g6 29. Rd6 Ke7 30. Rgd1 Bxa2 31. Rd7+ Ke8 32. Rxh7 Bf7 33. Rh8+ Ke7 34. Rxa8 Rxa8 35. Ra1 Rh8 36. Rh1 Rh3 37. Nc2 Bd5 38. Rd1 Be4 39. Nd4 Rxh2+ 40. Kb3 Rh3 41. Re1 Kd6 42. Kb4 Rh2 43. c4 Rb2+ 44. Kc3 Ra2 45. Rd1 Ra3+ 46. Kb4 Rd3 47. c5+ Kc7 48. Rxd3 Bxd3 49. Ne6+ 1-0


[Site "https://www.chess.com"]

[Event "Titled Tuesday Blitz July 11 Late 2023"]
[White "Sala, Giulia"]
[Black "FromTexas54"]
[WhiteFideId "2840451"]
[WhiteElo "2223"]
[BlackElo "2552"]
[Result "0-1"]
[Round "1"]
[TimeControl "180+2"]
[Date "2023.07.11"]
[WhiteClock "0:02:04"]
[BlackClock "0:01:57"]
[Board "159"]

1. d4 Nf6 2. Bf4 e6 3. e3 c5 4. Nf3 Qb6 5. b3 Nc6 6. Nbd2 d5 7. c3 Bd7 8. Bd3 Nh5 9. Bg5 h6 10. Bh4 g5 11. Bg3 Rc8 12. Ne5 Nxg3 13. hxg3 Nxe5 14. dxe5 Bg7 15. f4 c4 16. bxc4 Qxe3+ 17. Qe2 Qxg3+ 18. Kd1 Qxf4 19. cxd5 Qxe5 20. Qxe5 Bxe5 21. dxe6 Bxe6 22. Ne4 Bxc3 23. Nd6+ Kd7 24. Nxc8 Bxa1 25. Nxa7 Bxa2 26. Kc2 Be5 27. Nb5 Bd5 28. Rg1 h5 29. g4 h4 30. Bf5+ Ke7 31. Re1 f6 32. Rd1 Be6 33. Nd4 Bxd4 34. Rxd4 Bxf5+ 35. gxf5 Rc8+ 36. Kd3 Rd8 0-1


[Site "https://www.chess.com"]